 Dungeon Crawl Stone Soup version 0.26-a0-651-gb41185065b (webtiles) character file.

Game seed: 11213275991457244294

54210 Irenicus the Earth Mage (level 14, -4/105 HPs)
             Began as a Deep Dwarf Earth Elementalist on Oct 18, 2020.
             Was the Champion of Makhleb.
             Slain by Snorg (10 damage)
             ... on level 2 of the Orcish Mines.
             The game lasted 01:24:15 (9507 turns).

Irenicus the Earth Mage (DDEE)                      Turns: 9507, Time: 01:24:16

Health: -4/105     AC: 15    Str: 12    XL:     14   Next: 33%
Magic:  24/39 (30) EV: 28    Int: 24    God:    Makhleb [******]
Gold:   1628       SH:  0    Dex: 28    Spells: 23/37 levels left

rFire    . . .     SeeInvis .   y - +7 great sword "Rocufe" {holy, *Rage Dex+9}
rCold    . . .     Faith    .   (shield currently unavailable)
rNeg     + . .     Spirit   .   W - +0 steam dragon scales
rPois    .         Reflect  .   M - +2 helmet {Int+3}
rElec    .         Harm     .   i - +0 cloak
rCorr    .         Rampage  .   x - +1 pair of gloves
MR       ++...     Rnd*Rage +   U - +2 pair of boots
Stlth    +++.......             (no amulet)
HPRegen  0.00/turn              c - ring of magical power {MP+9}
MPRegen  0.26/turn              k - +6 ring of dexterity

@: non-regenerating, invisible
A: damage resistance, heal wounds, negative energy resistance 1, sense
surroundings 2, no regeneration
a: Heal Wounds, Minor Destruction, Lesser Servant of Makhleb, Major Destruction,
Greater Servant of Makhleb, Renounce Religion


You were on level 2 of the Orcish Mines.
You worshipped Makhleb.
Makhleb was exalted by your worship.
You visited 4 branches of the dungeon, and saw 21 of its levels.
You also visited: Ice Cave.

You collected 1838 gold pieces.
You spent 210 gold pieces at shops.

Inventory:

Hand Weapons
 j - the +7 flail of Bomm {venom, Str+3}
   (You found it on level 9 of the Dungeon)

   It poisons the flesh of those it strikes.
   It affects your strength (+3).
 y - the +7 great sword "Rocufe" (weapon) {holy, *Rage Dex+9}
   (You found it on level 9 of the Dungeon)

   It has been blessed by the Shining One to cause great damage to the undead
   and demons.
   It affects your dexterity (+9).
   It may make you go berserk in combat.
 I - the +8 war axe "Testudinebane" {vamp, *Rage +Rage rPois MR+}
   (You found it on level 10 of the Dungeon)

   It inflicts no extra harm, but heals its wielder when it wounds a living foe.
   It protects you from poison.
   It affects your resistance to hostile enchantments.
   It lets you go berserk.
   It may make you go berserk in combat.
Missiles
 b - 127 stones (quivered)
 w - 3 throwing nets {=f, !d}
Armour
 a - a +2 ring mail of fire resistance
   (You took it off an orc on level 1 of the Orcish Mines)
 i - a +0 cloak (worn)
   (You found it on level 1 of the Dungeon)
 t - the +7 chain mail "Bouplyu" {Harm Rampage}
   (You found it on level 9 of the Dungeon)

   It increases damage dealt and taken.
   It bestows one free step when moving towards enemies.
 x - a +1 pair of gloves (worn)
   (You found it on level 2 of the Lair of Beasts)
 H - a cursed +0 buckler
   (You took it off a gnoll sergeant on level 10 of the Dungeon)
 M - a +2 helmet of intelligence (worn)
   (You found it on level 8 of the Dungeon)
 R - a +1 hat of see invisible
   (You took it off Gastronok on level 2 of the Lair of Beasts)
 U - a +2 pair of boots (worn)
   (You found it on level 2 of the Lair of Beasts)
 V - the +0 helmet of Melancholy {+Fly rElec rN+ MR++}
   (You found it on level 5 of the Lair of Beasts)

   It insulates you from electricity.
   It protects you from negative energy.
   It affects your resistance to hostile enchantments.
   It lets you fly.
 W - +0 steam dragon scales (worn)
   (You found it on level 6 of the Lair of Beasts)
Magical Staves
 O - an uncursed staff of cold {rC+}
   (You took it off Fannar on level 1 of the Lair of Beasts)
Jewellery
 c - a ring of magical power (left hand) {MP+9}
   (You found it on level 1 of the Dungeon)
 k - a +6 ring of dexterity (right hand)
   (You found it on level 1 of the Dungeon)
 L - an uncursed ring of protection from cold {rC+, !d}
   (You found it in an ice cave)
 N - an uncursed ring of see invisible {sInv, !d}
   (You found it on level 11 of the Dungeon)
 T - an uncursed ring of poison resistance {rPois, !d}
   (You found it on level 2 of the Lair of Beasts)
Wands
 q - a wand of digging (13)
   (You found it on level 8 of the Dungeon)
 B - a wand of flame (14)
   (You took it off Crazy Yiuf on level 5 of the Dungeon)
 G - a wand of acid (8)
   (You found it on level 1 of the Lair of Beasts)
Scrolls
 f - 4 scrolls of fog
 g - 7 scrolls of identify
 h - 4 scrolls of remove curse
 u - 7 scrolls of teleportation
 D - 2 scrolls of immolation {!r}
 E - 3 scrolls of magic mapping {!r}
 F - 2 scrolls of enchant armour
 Q - a scroll of summoning
Potions
 d - 2 potions of cancellation
 e - 6 potions of heal wounds
 l - 5 potions of brilliance
 n - 8 potions of curing
 p - 4 potions of resistance
 r - 3 potions of mutation {!q}
 s - 3 potions of magic
 v - a potion of ambrosia
 z - a potion of berserk rage {!q}
 A - 5 potions of haste
 C - 5 potions of flight
 P - a potion of might
 S - 2 potions of lignification {!q}
Miscellaneous
 m - a phial of floods (inert)
   (You found it on level 12 of the Dungeon)
 J - a box of beasts (inert)
   (You found it on level 8 of the Dungeon)
 K - a tin of tremorstones (3/3)
   (You found it on level 8 of the Dungeon)


   Skills:
 - Level 1.0 Fighting
 - Level 3.2 Armour
 - Level 14.0 Dodging
 - Level 2.4 Stealth
 - Level 12.1 Spellcasting
 + Level 1.5 Translocations
 - Level 0.8 Transmutations
 - Level 15.2 Earth Magic
 + Level 13.7 Evocations


You had 23 spell levels left.
You knew the following spells:

 Your Spells              Type           Power        Failure   Level
a - Sandblast             Erth           ######       0%          1
b - Blink                 Tloc           N/A          3%          2
g - Apportation           Tloc           ###...       2%          1
w - Passwall              Tmut/Erth      ######..     1%          2
x - Stone Arrow           Conj/Erth      ######       1%          3
z - Lee's Rapid Deconstr  Erth           ######....   1%          5

Your spell library contained the following spells:

 Spells                   Type           Power        Failure   Level
 Leda's Liquefaction      Hex/Erth       ######....   1%          4
 Petrify                  Tmut/Erth      ######..     1%          4
 Beastly Appendage        Tmut           ###...       3%          1
 Animate Skeleton         Necr           ##....       4%          1
 Corona                   Hex            ##.....      4%          1
 Foxfire                  Conj/Fire      ##..         4%          1
 Magic Dart               Conj           ##..         4%          1
 Summon Small Mammal      Summ           ##..         4%          1
 Wereblood                Tmut           ###.....     4%          2
 Call Imp                 Summ           ##......     6%          2
 Poisonous Vapours        Pois/Air       ##....       6%          2
 Slow                     Hex            ##......     6%          2
 Portal Projectile        Hex/Tloc       ###...       10%         3
 Spider Form              Tmut/Pois      ###.......   11%         3
 Conjure Flame            Conj/Fire      ##......     13%         3
 Inner Flame              Hex/Fire       ##......     13%         3
 Mephitic Cloud           Conj/Pois/Air  ##......     13%         3
 Ice Form                 Ice/Tmut       ###.....     34%         4
 Cause Fear               Hex            ##........   38%         4
 Sticky Flame             Conj/Fire      ##......     38%         4
 Blade Hands              Tmut           ###.......   63%         5
 Fireball                 Conj/Fire      ##........   75%         5
 Metabolic Englaciation   Hex/Ice        ##........   75%         5
 Freezing Cloud           Conj/Ice/Air   ##........   100%        6
 Ozocubu's Refrigeration  Ice            ##........   100%        6
 Simulacrum               Ice/Necr       ##........   100%        6


Dungeon Overview and Level Annotations

Branches:
Dungeon (12/15)            Temple (1/1) D:7            Lair (6/6) D:9
 Shoals (0/4) Lair:3        Snake (0/4) Lair:2        Slime (0/5) Lair:5
    Orc (2/2) D:10            Elf (0/3) Orc:2         IceCv (visited)

Altars:
Ashenzari
Cheibriados
Dithmenos
Elyvilon
Fedhas
Gozag
Hepliaklqana
Kikubaaqudgha
Makhleb
Okawaru
Qazlal
Ru
Sif Muna
Trog
Uskayaw
Wu Jian
Xom
Yredelemnul
Zin
The Shining One
Beogh
Jiyva

Shops:
D:8 *   Orc:2 (

Annotations:
Orc:2 Snorg


Innate Abilities, Weirdness & Mutations

You are resistant to damage.
You can heal yourself by infusing magical energy.
You resist negative energy. (rN+)
You passively map the area around you.
You do not regenerate.


Message History

Aiming: Sandblast (safe; 0% risk of failure)
Press: ? - help, Shift-Dir - straight line, f - Snorg
Aim: Snorg The blast of sand hits Snorg.
Snorg is lightly wounded.
b - 132 stones Snorg closely misses you.
Snorg misses you. Snorg completely misses you.
You now have 33/39 mp.
Casting: Sandblast (safe; 0% risk of failure)
Confirm with . or Enter, or press ? or * to list all spells.
Aiming: Sandblast (safe; 0% risk of failure)
Press: ? - help, Shift-Dir - straight line, f/p - Snorg
Aim: Snorg (lightly wounded)
The blast of sand hits Snorg.
Snorg is lightly wounded.
b - 131 stones A two-headed ogre comes into view.
It is wielding a +0 giant club and a +0 giant spiked club.
The orc completely misses you. Snorg bites you. Snorg claws you!
Snorg completely misses you.
You take 9 damage, and have 96/105 hp.
Casting: Sandblast (safe; 0% risk of failure)
Confirm with . or Enter, or press ? or * to list all spells.
Aiming: Stone Arrow (safe; 1% risk of failure)
Press: ? - help, Shift-Dir - straight line, f/p - Snorg
Aim: Snorg (lightly wounded)
The stone arrow hits Snorg!
Snorg is moderately wounded.
The two-headed ogre shouts in stereo!
The orc completely misses you.
You riposte.
You slash the orc!
You kill the orc!
Makhleb accepts your kill. Snorg barely misses you.
You riposte.
You closely miss Snorg.
Snorg is moderately wounded.
Snorg misses you. x2
You now have 30/39 mp.
Casting: Stone Arrow (safe; 1% risk of failure)
Confirm with . or Enter, or press ? or * to list all spells.
Aiming: Stone Arrow (safe; 1% risk of failure)
Press: ? - help, Shift-Dir - straight line, f/p - Snorg
Aim: Snorg (moderately wounded)
The stone arrow misses Snorg.
Snorg bites you! Snorg completely misses you. Snorg misses you.
You take 8 damage, and have 88/105 hp.
You now have 27/39 mp.
Casting: Stone Arrow (safe; 1% risk of failure)
Confirm with . or Enter, or press ? or * to list all spells.
Aiming: Sandblast (safe; 0% risk of failure)
Press: ? - help, Shift-Dir - straight line, f/p - Snorg
Aim: Snorg (moderately wounded)
The blast of sand hits Snorg!
Snorg is heavily wounded.
b - 130 stones Snorg bites you!
Snorg completely misses you. Snorg claws you but does no damage.
You take 8 damage, and have 80/105 hp.
You now have 26/39 mp.
Casting: Sandblast (safe; 0% risk of failure)
Confirm with . or Enter, or press ? or * to list all spells.
Aiming: Sandblast (safe; 0% risk of failure)
Press: ? - help, Shift-Dir - straight line, f/p - Snorg
Aim: Snorg (moderately wounded)
The blast of sand hits Snorg!
Snorg is heavily wounded.
b - 129 stones The stone giant throws a large rock.
The large rock completely misses you.
Snorg goes berserk!
Casting: Sandblast (safe; 0% risk of failure)
Confirm with . or Enter, or press ? or * to list all spells.
Aiming: Sandblast (safe; 0% risk of failure)
Press: ? - help, Shift-Dir - straight line, f/p - Snorg
Aim: Snorg (heavily wounded, berserk)
The blast of sand hits Snorg!
Snorg is heavily wounded.
b - 128 stones Snorg closely misses you.
You riposte.
You slash Snorg!
Snorg is severely wounded.
Snorg completely misses you. Snorg misses you.
The stone giant throws a large rock.
The large rock misses you.
You now have 25/39 mp.
Casting: Sandblast (safe; 0% risk of failure)
Confirm with . or Enter, or press ? or * to list all spells.
Aiming: Sandblast (safe; 0% risk of failure)
Press: ? - help, Shift-Dir - straight line, f/p - Snorg
Aim: Snorg (severely wounded, berserk)
The blast of sand hits Snorg!!
Snorg is almost dead.
b - 127 stones Snorg completely misses you.
You riposte.
You slash Snorg!
Snorg is almost dead.
Snorg misses you. Snorg claws you!
The stone giant throws a large rock.
The large rock hits you!!!
* * * LOW HITPOINT WARNING * * *
Snorg bites you!
* * * LOW HITPOINT WARNING * * *
Snorg misses you. x2
You take 68 damage, and have 12/105 hp.
MASSIVE DAMAGE!!
You now have 24/39 mp.
Okay, then.
You fade into invisibility!
Snorg bites you!
* * * LOW HITPOINT WARNING * * *
Snorg claws you!
You die...

.#.............., ,,
, ................ ,
................, ,
>................,, ,
, ,,................
, , ,........<.......
, , ,
,................, ,,
, ..#...O......... ,
, , , , ,
...$..T@........* , ,
,......))..#....., ,
∩................
..#......)..........
,
.♣...................
,
.∩.♣................
, ,
♣.................. ,
, .....C............
, , ** ,....#......
,, ,, ,


You could see Snorg (berserk), a stone giant and a two-headed ogre.

Vanquished Creatures
  Gastronok (Lair:2)
  A frost giant (IceCv)
  Nessos (Lair:5)
  Fannar (Lair:1)
  4 hydras (Lair:6)
  A catoblepas (Lair:3)
  3 two-headed ogres
  A death yak (IceCv)
  Sonja (D:11)
  3 skeletal warriors (D:12)
  A lindwurm (Lair:6)
  A cyclops (D:12)
  A deep elf mage (D:12)
  9 black mambas
  A torpor snail (Lair:5)
  12 elephants
  7 cane toads
  A rime drake (Lair:6)
  11 komodo dragons
  2 kobold demonologists (D:11)
  3 trolls
  16 polar bears
  2 slime creatures
  6 hippogriffs
  2 wraiths (D:12)
  42 yaks
  Grum (D:11)
  A steam dragon (Lair:6)
  Menkaure (D:5)
  2 vampire mosquitoes (D:11)
  2 hell hounds (Lair:6)
  6 porcupines
  9 water moccasins
  4 sky beasts
  6 ice beasts
  4 black bears
  5 orc warriors
  8 ogres
  3 phantoms
  24 wolves
  6 centaurs
  8 crocodiles
  2 big kobolds (D:8)
  19 bullfrogs
  A gnoll sergeant (D:10)
  2 water moccasin zombies
  A water moccasin skeleton (D:10)
  3 scorpions
  19 killer bees
  4 howler monkeys
  5 wights (D:7)
  3 electric eels (D:12)
  4 jellies
  3 bullfrog zombies
  3 lava snakes (Lair:6)
  2 quasits
  A crimson imp (D:7)
  2 hounds
  2 bullfrog skeletons
  3 centaur skeletons
  3 orc priests
  Crazy Yiuf (D:5)
  5 iguanas
  6 worker ants
  11 orc wizards
  A hound zombie (D:6)
  A hound skeleton (D:7)
  9 gnolls
  A howler monkey skeleton (D:11)
  9 adders
  A shadow imp (D:7)
  15 white imps
  An ooze (D:7)
  An adder zombie (D:6)
  An adder skeleton (D:5)
  A worm (D:3)
  A dart slug (D:1)
  5 leopard geckos
  45 orcs
  6 giant cockroaches
  12 goblins
  7 hobgoblins
  28 jackals
  16 kobolds
  2 quokkas
  A ball python (D:6)
  8 bats
  4 frilled lizards
  A quokka skeleton (D:8)
  A quokka zombie (D:9)
  9 rats
516 creatures vanquished.

Vanquished Creatures (collateral kills)
  A fire dragon (Lair:6)
  Nergalle (Orc:1)
  3 elephants
  3 molten gargoyles (Lair:6)
  A rime drake (Lair:4)
  A polar bear (Lair:4)
  4 yaks
  A basilisk (Lair:6)
  A warg (Orc:1)
  A hell hound (Lair:6)
  2 porcupines
  3 orc warriors (Orc:1)
  An ogre (Orc:1)
  2 big kobolds (D:11)
  A lava snake (Lair:6)
  A hound skeleton (D:9)
  4 orcs (Orc:1)
  2 kobolds (D:11)
33 creatures vanquished.

Vanquished Creatures (others)
  A polar bear (IceCv)
  A bush (Lair:6)
  6 fungi
  29 plants
37 creatures vanquished.

Grand Total: 586 creatures vanquished

Notes
Turn   | Place    | Note
-------+----------+-------------------------------------------
     0 | D:1      | Irenicus the Deep Dwarf Earth Elementalist began the quest
                  | for the Orb.
     0 | D:1      | Reached XP level 1. HP: 15/15 MP: 3/3
   181 | D:1      | Reached XP level 2. HP: 20/22 MP: 1/4
   216 | D:1      | Reached skill level 5 in Earth Magic
   403 | D:2      | Learned a level 2 spell: Passwall
   450 | D:2      | Reached XP level 3. HP: 26/28 MP: 5/5
   646 | D:2      | Reached skill level 6 in Earth Magic
  1077 | D:3      | Reached XP level 4. HP: 32/36 MP: 6/6
  1101 | D:3      | Noticed a bullfrog
  1106 | D:3      | Killed a bullfrog
  1106 | D:3      | Reached skill level 7 in Earth Magic
  1182 | D:3      | Reached XP level 5. HP: 37/42 MP: 7/7
  1520 | D:4      | Reached skill level 8 in Earth Magic
  1591 | D:4      | You fall into a shaft and drop 3 floors!
  1610 | D:7      | Noticed a centaur
  1624 | D:7      | Killed a centaur
  1624 | D:7      | Reached skill level 9 in Earth Magic
  1624 | D:7      | Reached XP level 6. HP: 32/49 MP: 4/8
  1639 | D:7      | Noticed a hippogriff
  1651 | D:7      | Killed a hippogriff
  1651 | D:7      | Reached skill level 10 in Earth Magic
  1682 | D:7      | Found a staircase to the Ecumenical Temple.
  1696 | Temple   | Entered the Ecumenical Temple
  1743 | Temple   | Became a worshipper of Makhleb the Destroyer
  1793 | D:7      | Reached XP level 7. HP: 36/55 MP: 9/9
  1824 | D:7      | Reached skill level 11 in Earth Magic
  2122 | D:6      | Reached * piety under Makhleb
  2122 | D:6      | Reached skill level 12 in Earth Magic
  2147 | D:6      | Reached XP level 8. HP: 40/62 MP: 10/10
  2183 | D:5      | Entered Level 5 of the Dungeon
  2255 | D:5      | Learned a level 5 spell: Lee's Rapid Deconstruction
  2291 | D:5      | Reached skill level 13 in Earth Magic
  2348 | D:5      | Found a runed translucent door.
  2349 | D:5      | Noticed Crazy Yiuf
  2355 | D:5      | Killed Crazy Yiuf
  2483 | D:5      | Found a hazy altar of Hepliaklqana.
  2501 | D:5      | Noticed Menkaure
  2506 | D:5      | Killed Menkaure
  2541 | D:5      | Reached skill level 2 in Spellcasting
  2615 | D:5      | Reached skill level 3 in Spellcasting
  2757 | D:5      | Found an opulent altar of Gozag.
  2757 | D:5      | Found an ornate altar of the Wu Jian Council.
  2764 | D:5      | Found a faded altar of an unknown god.
  2766 | D:5      | Found a stormy altar of Qazlal.
  2767 | D:5      | Found a faded altar of an unknown god.
  2973 | D:6      | Reached skill level 4 in Spellcasting
  2982 | D:6      | Found a hazy altar of Hepliaklqana.
  3043 | D:6      | Gained mutation: You passively map the area around you.
                  | [Deep Dwarf growth]
  3043 | D:6      | Reached XP level 9. HP: 68/68 MP: 16/16
  3125 | D:7      | Reached ** piety under Makhleb
  3131 | D:7      | Reached skill level 5 in Spellcasting
  3196 | D:7      | Learned a level 3 spell: Stone Arrow
  3308 | D:7      | Reached skill level 6 in Spellcasting
  3727 | D:8      | Reached skill level 7 in Spellcasting
  3777 | D:8      | Noticed a fire giant
  3777 | D:8      | Noticed a cyclops
  3778 | D:8      | Noticed a manticore
  3779 | D:8      | Noticed a deep elf mage
  3781 | D:8      | Noticed an efreet
  3782 | D:8      | Noticed a manticore
  3788 | D:8      | Noticed a two-headed ogre
  3793 | D:8      | Killed a two-headed ogre
  3793 | D:8      | Reached skill level 8 in Spellcasting
  3816 | D:8      | Found Iphik's General Store.
  3841 | D:8      | Bought a potion of brilliance for 60 gold pieces
  3841 | D:8      | Bought a potion of heal wounds for 75 gold pieces
  3841 | D:8      | Bought a potion of heal wounds for 75 gold pieces
  3957 | D:8      | Reached *** piety under Makhleb
  3957 | D:8      | Reached XP level 10. HP: 75/75 MP: 22/22
  4112 | D:9      | Learned a level 1 spell: Apportation
  4125 | D:9      | Reached skill level 9 in Spellcasting
  4237 | D:9      | Reached skill level 1 in Evocations
  4237 | D:9      | Reached skill level 2 in Evocations
  4242 | D:9      | Reached skill level 3 in Evocations
  4280 | D:9      | Reached **** piety under Makhleb
  4444 | D:9      | Got a steaming flail
  4447 | D:9      | Identified the +7 flail of Bomm {venom, Str+3} (You found
                  | it on level 9 of the Dungeon)
  4451 | D:9      | Found a staircase to the Lair.
  4456 | D:9      | Reached skill level 4 in Evocations
  4462 | D:9      | Identified the +7 chain mail "Bouplyu" {Harm Rampage} (You
                  | found it on level 9 of the Dungeon)
  4507 | D:9      | Got a sapphire great sword
  4508 | D:9      | Identified the +7 great sword "Rocufe" {holy, *Rage Dex+9}
                  | (You found it on level 9 of the Dungeon)
  4639 | D:10     | Entered Level 10 of the Dungeon
  4656 | D:10     | Found a staircase to the Orcish Mines.
  4671 | D:10     | Reached skill level 5 in Evocations
  4688 | D:10     | Found a roughly hewn altar of Beogh.
  4789 | D:10     | Got a dazzling war axe
  4790 | D:10     | Identified the +8 war axe "Testudinebane" {vamp, *Rage
                  | +Rage rPois MR+} (You found it on level 10 of the Dungeon)
  4919 | D:10     | Reached skill level 10 in Spellcasting
  4937 | D:10     | Found a broken altar of Ashenzari.
  5014 | D:10     | Noticed a two-headed ogre
  5020 | D:10     | HP: 17/75 [two-headed ogre/+0 giant club (21)]
  5022 | D:10     | Killed a two-headed ogre
  5022 | D:10     | Reached skill level 6 in Evocations
  5117 | D:10     | HP: 13/75 [iguana (5)]
  5204 | D:11     | Reached skill level 7 in Evocations
  5204 | D:11     | Reached XP level 11. HP: 36/81 MP: 25/25
  5249 | D:11     | Noticed Sonja
  5253 | D:11     | Reached ***** piety under Makhleb
  5258 | D:11     | Killed Sonja
  5294 | D:11     | Noticed a two-headed ogre
  5302 | D:11     | Killed a two-headed ogre
  5302 | D:11     | Reached skill level 11 in Spellcasting
  5397 | D:11     | Found an ancient bone altar of Kikubaaqudgha.
  5441 | D:11     | Noticed Grum
  5463 | D:11     | Killed Grum
  5691 | D:12     | Reached skill level 12 in Spellcasting
  5786 | D:12     | Noticed a deep elf mage
  5794 | D:12     | Reached skill level 3 in Dodging
  5794 | D:12     | Killed a deep elf mage
  5794 | D:12     | Reached skill level 4 in Dodging
  5947 | D:12     | Reached skill level 5 in Dodging
  6017 | D:12     | Noticed a skeletal warrior
  6017 | D:12     | Noticed a skeletal warrior
  6017 | D:12     | Noticed a skeletal warrior
  6017 | D:12     | Noticed a skeletal warrior
  6052 | D:12     | Killed a skeletal warrior
  6052 | D:12     | Reached skill level 6 in Dodging
  6058 | D:12     | Killed a skeletal warrior
  6065 | D:12     | HP: 20/81 [skeletal warrior/+0 dire flail[a skeletal
                  | warrior] (16)]
  6067 | D:12     | Killed a skeletal warrior
  6067 | D:12     | Reached skill level 7 in Dodging
  6067 | D:12     | Reached XP level 12. HP: 21/88 MP: 3/28
  6245 | Lair:1   | Entered Level 1 of the Lair of Beasts
  6322 | Lair:1   | Reached skill level 8 in Dodging
  6333 | Lair:1   | Noticed Fannar
  6371 | Lair:1   | Killed Fannar
  6468 | Lair:1   | Reached skill level 9 in Dodging
  6573 | Lair:1   | Reached skill level 10 in Dodging
  6726 | Lair:2   | Noticed Gastronok
  6737 | Lair:2   | Killed Gastronok
  6737 | Lair:2   | Reached skill level 11 in Dodging
  6850 | Lair:2   | Found a staircase to the Snake Pit.
  7130 | Lair:3   | Found a frozen archway.
  7148 | Lair:3   | Reached ****** piety under Makhleb
  7157 | IceCv    | Entered an ice cave
  7229 | IceCv    | Reached skill level 12 in Dodging
  7374 | IceCv    | Reached skill level 13 in Dodging
  7375 | IceCv    | Reached XP level 13. HP: 94/94 MP: 6/29
  7452 | IceCv    | Noticed a frost giant
  7461 | IceCv    | Killed a frost giant
  7469 | IceCv    | Reached skill level 14 in Dodging
  7477 | IceCv    | Reached skill level 1 in Armour
  7582 | Lair:3   | Reached skill level 2 in Armour
  7657 | Lair:3   | Reached skill level 3 in Armour
  7705 | Lair:3   | Found a staircase to the Shoals.
  7798 | Lair:4   | Reached skill level 1 in Fighting
  7834 | Lair:4   | Reached skill level 14 in Earth Magic
  8095 | Lair:5   | Reached skill level 15 in Earth Magic
  8133 | Lair:5   | Found a runed translucent door.
  8134 | Lair:5   | Found a viscous altar of Jiyva.
  8134 | Lair:5   | Found a staircase to the Slime Pits.
  8196 | Lair:5   | Reached skill level 8 in Evocations
  8259 | Lair:5   | Got a transparent helmet
  8270 | Lair:5   | Identified the cursed +0 helmet of Melancholy {+Fly rElec
                  | rN+ MR++} (You found it on level 5 of the Lair of Beasts)
  8389 | Lair:5   | Noticed Nessos
  8414 | Lair:5   | Killed Nessos
  8414 | Lair:5   | Reached skill level 9 in Evocations
  8457 | Lair:6   | Entered Level 6 of the Lair of Beasts
  8479 | Lair:6   | Reached skill level 10 in Evocations
  8506 | Lair:6   | Got a heavily runed kite shield
  8507 | Lair:6   | Identified the +5 kite shield "Tiuzxesi" {rPois Regen+
                  | Str+6 Int-4} (You found it on level 6 of the Lair of
                  | Beasts)
  8593 | Lair:6   | Reached skill level 11 in Evocations
  8657 | Lair:6   | Gained mutation: You resist negative energy. (rN+) [Deep
                  | Dwarf growth]
  8657 | Lair:6   | Reached XP level 14. HP: 105/105 MP: 19/30
  8844 | Lair:6   | Reached skill level 12 in Evocations
  8873 | Lair:6   | Found a large runed translucent door.
  8873 | Lair:6   | Found a large runed translucent door.
  8984 | Lair:6   | Reached skill level 13 in Evocations
  9312 | D:10     | Learned a level 2 spell: Blink
  9313 | Orc:1    | Entered Level 1 of the Orcish Mines
  9322 | Orc:1    | Noticed Nergalle
  9336 | Orc:1    | Killed Nergalle
  9338 | Orc:1    | Reached skill level 1 in Translocations
  9465 | Orc:2    | Entered Level 2 of the Orcish Mines
  9465 | Orc:2    | Found Huarorch's Weapon Boutique.
  9465 | Orc:2    | Noticed a stone giant
  9492 | Orc:2    | Noticed Snorg
  9506 | Orc:2    | HP: 23/105 [stone giant/large rock (45)]
  9507 | Orc:2    | HP: 6/105 [Snorg (6)]
  9507 | Orc:2    | Slain by Snorg

Illustrated notes

Levels and vault maps discovered:
D:1:      wander_arrival_desolate, layout_rooms, minmay_close_crescents
D:2:      layout_basic
D:3:      layout_basic
D:4:      layout_rooms
D:5:      layout_loops_corners, chequers_temple_overflow_minitemple,
          basic_altar, uniq_menkaure, uniq_crazy_yiuf_cottage
D:6:      layout_layer_cave, lemuel_round_altar
D:7:      minmay_chambers_of_fours, layout_basic, minmay_temple_entry_offerings,
          minmay_fire_ice_demons
D:8:      layout_basic, serial_shops, shop, nrook_mini_vaults,
          onia_ninara_dug_in_and_dangerous
D:9:      layout_irregular_city, dpeg_oklobed_lair,
          chequers_serial_rivers_small_a
D:10:     layout_loops_ring, minmay_orc_entry_temple_small,
          nicolae_ashenzari_panopticon
D:11:     layout_basic, basic_altar, uniq_sonja, uniq_grum
D:12:     kennysheep_green_arena, layout_basic, minmay_quadrilaterals
Temple:   regret_index_temple_mists
Lair:1:   layout_layer_cave, st_stairs_8, uniq_fannar
Lair:2:   layout_misc_corridors, dummy_snake_entry, st_stairs_13,
          serial_bayou_ford_a, grunt_megastairs_3, uniq_gastronok
Lair:3:   layout_gridlike, minmay_shoals_entry_centaurs,
          portal_ice_cave_entry_imps, lemuel_fruit_tree
Lair:4:   layout_hall_layers, beast_lair_carwin_11
Lair:5:   layout_roguey, slime_altar_2, uniq_nessos
Lair:6:   cheibrodos_lair_end_hotspot, layout_cave_pods, serial_bayou_lagoon_a,
          serial_bayou_shore_b
Orc:1:    layout_diamond_mine, uniq_nergalle
Orc:2:    grunt_orc_cross, layout_caves, serial_shops, shop, shop_statue,
          nicolae_shop_waterfront, shop, nicolae_shop_trees, trog_book,
          uniq_snorg

Skill      XL: |  1  2  3  4  5  6  7  8  9 10 11 12 13 14 |
---------------+-------------------------------------------+-----
Earth Magic    | 5 6 7 9 10 12 13 15 | 15.2
Spellcasting   | 4 8 10 12 | 12.1
Evocations     | 7 11 13 | 13.7
Dodging        | 7 13 14 | 14.0
Armour         | 3 |  3.2
Fighting       | 1 |  1.0
Translocations | 1 |  1.5
Stealth        | |  2.4
Transmutations | |  0.8

Action                   |  1- 3 |  4- 6 |  7- 9 | 10-12 | 13-15 || total
-------------------------+-------+-------+-------+-------+-------++-------
Melee: Short sword       |    20 |       |       |       |       ||    20
       Dagger            |    20 |    21 |     3 |       |       ||    44
       Falchion          |       |       |     9 |    12 |       ||    21
       Great sword       |       |       |       |    79 |    96 ||   175
       Flail             |       |       |       |     1 |       ||     1
 Cast: Sandblast         |    39 |    45 |   137 |   289 |   176 ||   686
       Passwall          |     8 |     6 |    31 |    34 |     8 ||    87
       Lee's Rapid Decon |       |       |     3 |    33 |    15 ||    51
       Stone Arrow       |       |       |     1 |    69 |    75 ||   145
       Apportation       |       |       |       |    24 |    27 ||    51
Evoke: Tin of tremorston |       |       |       |     3 |       ||     3
       Box of beasts     |       |       |       |     5 |     5 ||    10
       Wand              |       |       |       |     1 |     7 ||     8
       Phial of floods   |       |       |       |     2 |     1 ||     3
  Use: Scroll            |     2 |     1 |    11 |    12 |     8 ||    34
       Potion            |       |       |       |     1 |     1 ||     2
 Stab: Sleeping          |     4 |       |     7 |     6 |     3 ||    20
       Distracted        |       |       |       |       |     1 ||     1
Armor: Ring mail         |    19 |    27 |    40 |     5 |       ||    91
       Troll leather arm |       |       |       |   103 |    59 ||   162
       Steam dragon scal |       |       |       |       |     5 ||     5
Dodge: Dodged            |    29 |    36 |    36 |   309 |   431 ||   841
       Rpst.: Falchion   |       |       |     3 |     6 |       ||     9
       Great sword       |       |       |       |    82 |   116 ||   198

Table legend: (Time is in decaauts)
 A = Elapsed time spent in this place.
 B = Non-inter-level travel time spent in this place.
 C = Inter-level travel time spent in this place.
 D = Time resting spent in this place.
 E = Time spent auto-exploring this place.
 F = Levels seen in this place.
 G = Mean time per level.
                   A        B        C        D        E       F      G
               +--------+--------+--------+--------+--------+-----+--------+
         Total |   9768 |   9534 |    234 |      0 |      0 |  22 |  444.0 |
       Dungeon |   6322 |   6203 |    119 |      0 |      0 |  12 |  526.8 |
        Temple |     88 |     88 |      0 |      0 |      0 |   1 |   88.0 |
          Lair |   2767 |   2652 |    115 |      0 |      0 |   6 |  461.2 |
  Orcish Mines |    200 |    200 |      0 |      0 |      0 |   2 |  100.0 |
      Ice Cave |    389 |    389 |      0 |      0 |      0 |   1 |  389.0 |
               +--------+--------+--------+--------+--------+-----+--------+

Top non-repeatable levels by time:
     D:7: 771 daAuts
  Lair:6: 758 daAuts
     D:5: 684 daAuts
     D:9: 667 daAuts
    D:10: 602 daAuts
    D:11: 549 daAuts
     D:6: 549 daAuts
  Lair:1: 548 daAuts
     D:2: 497 daAuts
    D:12: 466 daAuts
     D:8: 441 daAuts
  Lair:5: 419 daAuts
     D:1: 389 daAuts
   IceCv: 389 daAuts
     D:3: 382 daAuts

Table legend:
 A = Kills in this place as a percentage of kills in entire the game.
 B = Kills by you in this place as a percentage of kills by you in the entire game.
 C = Kills by friends in this place as a percentage of kills by friends in the entire game.
 D = Other kills in this place as a percentage of other kills in the entire game.
 E = Experience gained in this place as a percentage of experience gained in the entire game.
 F = Experience gained in this place divided by the number of levels of this place that you have seen.
                   A       B       C       D       E      F
               +-------+-------+-------+-------+-------+----------------------
         Total | 100.0 | 100.0 | 100.0 | 100.0 | 100.0 | 3520.2
       Dungeon |  59.8 |  62.6 |  18.2 |   0.0 |  28.7 | 1852.9
          Lair |  28.2 |  26.7 |  51.5 |   0.0 |  54.0 | 6973.7
  Orcish Mines |   3.8 |   2.1 |  30.3 |   0.0 |   2.2 | 847.5
      Ice Cave |   8.2 |   8.5 |   0.0 | 100.0 |  15.1 | 11672.0
               +-------+-------+-------+-------+-------+----------------------
